| TOP OF THE 1ST |
|
Salinas Fire Frogs batting - Pitching for Visalia Mets : RHP Ricky Valentin
|
|
Pitching: RHP Ricky Valentin
|
|
|
Batting: RHB Bobby Morin
|
0-0: Ball 1-0: Ball 2-0: Foul Ball, location: 2F 2-1: Foul Ball, location: 2F 2-2: Fly out, F8 (Flyball, 8RM, EV 80.0 MPH)
|
|
Batting: LHB Daryl Pitts
|
0-0: Ball 1-0: Ball 2-0: Ball 3-0: Base on Balls
|
|
Batting: RHB Kevin Mitchell
|
0-0: Ball Passed Ball! Daryl Pitts to second 1-0: Called Strike 1-1: Ball 2-1: Ball 3-1: Foul Ball, location: 2F 3-2: Foul Ball, location: 2F 3-2: Base on Balls
|
|
Batting: RHB Bruce Morrison
|
0-0: Ball 1-0: Swinging Strike 1-1: Foul Ball, location: 2F 1-2: Ball 2-2: Strikes out swinging
|
|
Batting: LHB Raymond Smith
|
0-0: Ball 1-0: Called Strike 1-1: Foul Ball, location: 2F 1-2: Ball 2-2: Foul Ball, location: 2F 2-2: Foul Ball, location: 2F 2-2: Ball 3-2: Foul Ball, location: 2F 3-2: Ground out 6-3 (Groundball, 6S, EV 70.6 MPH)
|
| Top of the 1st over - 0 runs, 0 hits, 0 errors, 2 left on base; Salinas 0 - Visalia 0 |
| BOTTOM OF THE 1ST |
|
Visalia Mets batting - Pitching for Salinas Fire Frogs : RHP Francisco Baeza
|
|
Pitching: RHP Francisco Baeza
|
|
|
Batting: RHB Danny Ainge
|
0-0: Called Strike 0-1: Foul Ball, location: 2F 0-2: SINGLE (Groundball, 56D, EV 93.8 MPH)
|
|
Batting: SHB David Navarro
|
0-0: Ball 1-0: Fielders Choice at 2nd, 4-6 (Groundball, 4M, EV 98.8 MPH)
|
|
Batting: LHB Huey Gayden
|
0-0: Fielders Choice at 2nd, 4-6 (Groundball, 4, EV 87.5 MPH)
|
|
Batting: LHB Pete Dalena
|
0-0: Ball 1-0: Fly out, F9 (Flyball, 9, EV 87.5 MPH)
|
| Bottom of the 1st over - 0 runs, 1 hit, 0 errors, 1 left on base; Salinas 0 - Visalia 0 |
| TOP OF THE 2ND |
|
Salinas Fire Frogs batting - Pitching for Visalia Mets : RHP Ricky Valentin
|
|
Batting: LHB Charles McGehee
|
0-0: Ball 1-0: Ball 2-0: Called Strike 2-1: SINGLE (Line Drive, 7S, EV 95.6 MPH)
|
|
Batting: RHB Fred Bogart
|
0-0: Ball 1-0: Called Strike 1-1: Ball 2-1: Ball 3-1: Base on Balls Charles McGehee to second
|
|
Batting: RHB Timothy Hume
|
0-0: Ball 1-0: Ball 2-0: Fly out, F9 (Flyball, 89S, EV 84.4 MPH)
|
|
Batting: RHB Roderick Shepard
|
0-0: Ball 1-0: SINGLE (Groundball, 6MD, EV 105.6 MPH) Charles McGehee to third Fred Bogart to second Runner from 3rd tries for Home, SAFE, throw by CF to home
|
|
Batting: RHB Bobby Morin
|
0-0: Called Strike 0-1: Swinging Strike 0-2: Ball 1-2: Ball 2-2: Fly out, F9 (Flyball, 89D, EV 86.9 MPH) Runner from 2nd tags up, SAFE at 3rd, no throw by RF
|
|
Batting: LHB Daryl Pitts
|
0-0: Called Strike 0-1: Ball 1-1: Foul Ball, location: 2F 1-2: Ball 2-2: DOUBLE (Line Drive, 9LS, EV 110.6 MPH) Fred Bogart scores Roderick Shepard to third Runner from 3rd tries for Home, SAFE, no throw by RF
|
|
Batting: RHB Kevin Mitchell
|
0-0: Ground out 5-3 (Groundball, 56, EV 83.1 MPH)
|
| Top of the 2nd over - 3 runs, 3 hits, 0 errors, 1 left on base; Salinas 3 - Visalia 0 |
| BOTTOM OF THE 2ND |
|
Visalia Mets batting - Pitching for Salinas Fire Frogs : RHP Francisco Baeza
|
|
Batting: RHB Ed Sedar
|
0-0: Ball 1-0: Called Strike 1-1: Foul Ball, location: 2F 1-2: Ball 2-2: Strikes out swinging
|
|
Batting: RHB Gabriel de la Sancha
|
0-0: Called Strike 0-1: Ball 1-1: Ball 2-1: Foul Ball, location: 2F 2-2: Ground out 6-3 (Groundball, 6S, EV 66.3 MPH)
|
|
Batting: RHB Mitchell Ashmore
|
0-0: Foul Ball, location: 2F 0-1: SINGLE (Line Drive, 3D, EV 97.5 MPH)
|
|
Batting: RHB Lloyd Bessard
|
0-0: Called Strike 0-1: Ball 1-1: SINGLE (Groundball, 56D, EV 106.9 MPH) Mitchell Ashmore to second
|
|
Batting: SHB Daniel Robie
|
0-0: Called Strike 0-1: Foul Ball, location: 2F 0-2: Ball 1-2: DOUBLE (Groundball, 3L, EV 100.6 MPH) Mitchell Ashmore scores Lloyd Bessard to third Runner from 3rd tries for Home, SAFE, no throw by RF
|
|
Batting: RHB Danny Ainge
|
0-0: Foul Ball, location: 2F 0-1: Ball 1-1: Fly out, F8 (Flyball, 8RD, EV 81.9 MPH)
|
| Bottom of the 2nd over - 2 runs, 3 hits, 0 errors, 1 left on base; Salinas 3 - Visalia 2 |
| TOP OF THE 3RD |
|
Salinas Fire Frogs batting - Pitching for Visalia Mets : RHP Ricky Valentin
|
|
Batting: RHB Bruce Morrison
|
0-0: Ball 1-0: Called Strike 1-1: Ball 2-1: Ball 3-1: SINGLE (Groundball, 34D, EV 106.3 MPH)
|
|
Batting: LHB Raymond Smith
|
0-0: Ball 1-0: Foul Ball, location: 2F 1-1: Foul Ball, location: 2F 1-2: Foul Ball, location: 2F 1-2: Foul Ball, location: 2F 1-2: Fly out, F7 (Flyball, 7LM, EV 86.9 MPH)
|
|
Batting: LHB Charles McGehee
|
0-0: Swinging Strike 0-1: Ball 1-1: Ball 2-1: Ground out 4-3 (Groundball, 4M, EV 100.6 MPH) Bruce Morrison to second
|
|
Batting: RHB Fred Bogart
|
0-0: SINGLE (Line Drive, 6D, EV 106.9 MPH) Bruce Morrison to third Runner from 3rd tries for Home, SAFE, throw by CF to home
|
|
Batting: RHB Timothy Hume
|
0-0: Called Strike 0-1: Ball 1-1: Ball 2-1: Foul Ball, location: 2F 2-2: Foul Ball, location: 2F 2-2: Foul Ball, location: 2F 2-2: Foul Ball, location: 2F 2-2: Ground out 4-3 (Groundball, 13, EV 83.1 MPH)
|
| Top of the 3rd over - 1 run, 2 hits, 0 errors, 1 left on base; Salinas 4 - Visalia 2 |
| BOTTOM OF THE 3RD |
|
Visalia Mets batting - Pitching for Salinas Fire Frogs : RHP Francisco Baeza
|
|
Batting: SHB David Navarro
|
0-0: Ball 1-0: DOUBLE (Line Drive, 7LM, EV 111.9 MPH)
|
|
Pinch Runner at 2nd Ricky Eberly:
|
|
|
Batting: LHB Huey Gayden
|
0-0: Swinging Strike 0-1: Swinging Strike 0-2: Ground out 3-1 (Groundball, 34, EV 100.6 MPH) Ricky Eberly to third
|
|
Batting: LHB Pete Dalena
|
0-0: Foul Ball, location: 2F 0-1: Ball 1-1: Swinging Strike 1-2: Ball 2-2: Foul Ball, location: 2F 2-2: Ball 3-2: Strikes out swinging
|
|
Batting: RHB Ed Sedar
|
0-0: Ball 1-0: Called Strike 1-1: SINGLE (Groundball, 6M, EV 104.4 MPH) (infield hit) Ricky Eberly scores
|
|
Batting: RHB Gabriel de la Sancha
|
0-0: Called Strike Ed Sedar steals 2nd base 0-1: DOUBLE (Line Drive, 78XD, EV 103.1 MPH) Ed Sedar scores
|
|
Batting: RHB Mitchell Ashmore
|
0-0: Ball 1-0: Called Strike 1-1: Foul Ball, location: 2F 1-2: Ground out U3 (Groundball, 34S, EV 88.1 MPH)
|
| Bottom of the 3rd over - 2 runs, 3 hits, 0 errors, 1 left on base; Salinas 4 - Visalia 4 |
| TOP OF THE 4TH |
|
Salinas Fire Frogs batting - Pitching for Visalia Mets : RHP Ricky Valentin
|
|
Now at 3B: Ricky Eberly
|
|
|
Batting: RHB Roderick Shepard
|
0-0: Ball 1-0: Ground out 5-3 (Groundball, 56, EV 83.8 MPH)
|
|
Batting: RHB Bobby Morin
|
0-0: Ball 1-0: Swinging Strike 1-1: SINGLE (Groundball, 4MD, EV 102.5 MPH)
|
|
Batting: LHB Daryl Pitts
|
0-0: Ball 1-0: Ball Bobby Morin steals 2nd base (no throw) 2-0: Foul Ball, location: 2F 2-1: Ball 3-1: Ground out U3 (Groundball, 3, EV 94.4 MPH) Bobby Morin to third
|
|
Batting: RHB Kevin Mitchell
|
0-0: SINGLE (Groundball, 6MD, EV 93.8 MPH) Bobby Morin scores
|
|
Batting: RHB Bruce Morrison
|
0-0: Foul Ball, location: 2F 0-1: Foul Ball, location: 2F 0-2: SINGLE (Line Drive, 6D, EV 98.1 MPH) Kevin Mitchell to second
|
|
Pitching: RHP Mike Ferguson
|
|
|
Batting: LHB Raymond Smith
|
0-0: Ball 1-0: Foul Ball, location: 2F 1-1: Ball 2-1: Ball 3-1: Base on Balls Kevin Mitchell to third Bruce Morrison to second
|
|
Batting: LHB Charles McGehee
|
0-0: Ball 1-0: Ball 2-0: Ball 3-0: Called Strike 3-1: Base on Balls Kevin Mitchell scores Bruce Morrison to third Raymond Smith to second
|
|
Batting: RHB Fred Bogart
|
0-0: Ball 1-0: Ball 2-0: Ball 3-0: Called Strike 3-1: Swinging Strike 3-2: Base on Balls Bruce Morrison scores Raymond Smith to third Charles McGehee to second
|
|
Batting: RHB Timothy Hume
|
0-0: Ball 1-0: Foul Ball, location: 2F 1-1: Foul Ball, location: 2F 1-2: Ball 2-2: Ball 3-2: Fly out, F9 (Line Drive, 9S, EV 104.4 MPH)
|
| Top of the 4th over - 3 runs, 3 hits, 0 errors, 3 left on base; Salinas 7 - Visalia 4 |
| BOTTOM OF THE 4TH |
|
Visalia Mets batting - Pitching for Salinas Fire Frogs : RHP Francisco Baeza
|
|
Batting: RHB Lloyd Bessard
|
0-0: Ground out 5-3 (Groundball, 56, EV 106.9 MPH)
|
|
Batting: SHB Daniel Robie
|
0-0: Ball 1-0: Ground out 4-3 (Groundball, 4, EV 96.3 MPH)
|
|
Batting: RHB Danny Ainge
|
0-0: SINGLE (Groundball, 4MD, EV 94.4 MPH)
|
|
Batting: LHB Ricky Eberly
|
0-0: Ball 1-0: Ball 2-0: Ball 3-0: Base on Balls Danny Ainge to second
|
|
Batting: LHB Huey Gayden
|
0-0: Ball 1-0: Swinging Strike 1-1: Foul Ball, location: 2F 1-2: Fly out, F7 (Flyball, 7, EV 96.3 MPH)
|
| Bottom of the 4th over - 0 runs, 1 hit, 0 errors, 2 left on base; Salinas 7 - Visalia 4 |
| TOP OF THE 5TH |
|
Salinas Fire Frogs batting - Pitching for Visalia Mets : RHP Mike Ferguson
|
|
Batting: RHB Roderick Shepard
|
0-0: Ball 1-0: Called Strike 1-1: Ground out 5-3 (Groundball, 15, EV 88.1 MPH)
|
|
Batting: RHB Bobby Morin
|
0-0: Called Strike 0-1: Called Strike 0-2: Ball 1-2: Ball 2-2: Reached on error, E5 (Groundball, 5, EV 85.6 MPH)
|
|
Batting: LHB Daryl Pitts
|
0-0: Called Strike 0-1: Ball 1-1: Ball 2-1: Ball 3-1: Base on Balls Bobby Morin to second
|
|
Batting: RHB Kevin Mitchell
|
0-0: Ball 1-0: Called Strike 1-1: Fly out, F9 (Flyball, 9S, EV 95.6 MPH)
|
|
Batting: RHB Bruce Morrison
|
0-0: Called Strike 0-1: Ball 1-1: Fielders Choice at 2nd, 6-4 (Groundball, 6, EV 84.4 MPH)
|
| Top of the 5th over - 0 runs, 0 hits, 1 error, 2 left on base; Salinas 7 - Visalia 4 |
| BOTTOM OF THE 5TH |
|
Visalia Mets batting - Pitching for Salinas Fire Frogs : RHP Francisco Baeza
|
|
Batting: LHB Pete Dalena
|
0-0: Swinging Strike 0-1: Ball 1-1: Ball 2-1: Ball 3-1: Fly out, F4 (Popup, 4, EV 56.3 MPH)
|
|
Batting: RHB Ed Sedar
|
0-0: Ball 1-0: Called Strike 1-1: Foul Ball, location: 2F 1-2: Foul Ball, location: 2F 1-2: Ground out 4-3 (Groundball, 4, EV 99.4 MPH)
|
|
Batting: RHB Gabriel de la Sancha
|
0-0: Fly out, F7 (Flyball, 78D, EV 98.8 MPH)
|
| Bottom of the 5th over - 0 runs, 0 hits, 0 errors, 0 left on base; Salinas 7 - Visalia 4 |
| TOP OF THE 6TH |
|
Salinas Fire Frogs batting - Pitching for Visalia Mets : RHP Mike Ferguson
|
|
Batting: LHB Raymond Smith
|
0-0: Called Strike 0-1: Called Strike 0-2: Strikes out swinging
|
|
Batting: LHB Charles McGehee
|
0-0: Foul Ball, location: 2F 0-1: Foul Ball, location: 2F 0-2: Ball 1-2: Ball 2-2: Strikes out swinging
|
|
Batting: RHB Fred Bogart
|
0-0: Called Strike 0-1: Foul Ball, location: 2F 0-2: Ball 1-2: Ground out 4-3 (Groundball, 4M, EV 81.3 MPH)
|
| Top of the 6th over - 0 runs, 0 hits, 0 errors, 0 left on base; Salinas 7 - Visalia 4 |
| BOTTOM OF THE 6TH |
|
Visalia Mets batting - Pitching for Salinas Fire Frogs : RHP Francisco Baeza
|
|
Batting: RHB Mitchell Ashmore
|
0-0: Called Strike 0-1: SINGLE (Line Drive, 8LS, EV 106.3 MPH)
|
|
Batting: RHB Lloyd Bessard
|
0-0: Ball 1-0: Foul Ball, location: 2F 1-1: Ball 2-1: Ground out 5-3 (Groundball, 56S, EV 69.4 MPH) Mitchell Ashmore to second
|
|
Batting: SHB Daniel Robie
|
0-0: Ground out 6-3 (Groundball, 6, EV 85.6 MPH) Mitchell Ashmore to third
|
|
Batting: RHB Danny Ainge
|
0-0: SINGLE (Line Drive, 9S, EV 109.4 MPH) Mitchell Ashmore scores
|
|
Batting: LHB Ricky Eberly
|
0-0: Ball 1-0: Ball 2-0: Foul Ball, location: 2F 2-1: Ground out 4-3 (Groundball, 4, EV 105.6 MPH)
|
| Bottom of the 6th over - 1 run, 2 hits, 0 errors, 1 left on base; Salinas 7 - Visalia 5 |
| TOP OF THE 7TH |
|
Salinas Fire Frogs batting - Pitching for Visalia Mets : RHP Mike Ferguson
|
|
Batting: RHB Timothy Hume
|
0-0: Foul Ball, location: 2F 0-1: Ball 1-1: Foul Ball, location: 2F 1-2: Ground out U3 (Groundball, 34S, EV 86.3 MPH)
|
|
Batting: RHB Roderick Shepard
|
0-0: Foul Ball, location: 2F 0-1: Ball 1-1: Foul Ball, location: 2F 1-2: Foul Ball, location: 2F 1-2: Foul Ball, location: 2F 1-2: Ball 2-2: Fly out, F8 (Flyball, 78M, EV 85.6 MPH)
|
|
Batting: RHB Bobby Morin
|
0-0: Called Strike 0-1: Ball 1-1: Called Strike 1-2: Foul Ball, location: 2F 1-2: Foul Ball, location: 2F 1-2: Ball 2-2: Ball 3-2: SINGLE (Groundball, 56, EV 111.3 MPH) (infield hit)
|
|
Pitching: RHP Willie Rivera
|
|
|
Batting: LHB Daryl Pitts
|
0-0: Swinging Strike 0-1: Called Strike 0-2: Ball 1-2: Foul Ball, location: 2F 1-2: Ball 2-2: Ground out 4-3 (Groundball, 34D, EV 89.4 MPH)
|
| Top of the 7th over - 0 runs, 1 hit, 0 errors, 1 left on base; Salinas 7 - Visalia 5 |
| BOTTOM OF THE 7TH |
|
Visalia Mets batting - Pitching for Salinas Fire Frogs : RHP Francisco Baeza
|
|
Batting: LHB Huey Gayden
|
0-0: Called Strike 0-1: Hit by Pitch
|
|
Batting: LHB Pete Dalena
|
0-0: SINGLE (Groundball, 34D, EV 106.3 MPH) Huey Gayden to second Runner from 2nd tries for 3rd, SAFE, no throw by RF
|
|
Batting: RHB Ed Sedar
|
0-0: Ball 1-0: Ball 2-0: Ball 3-0: Called Strike 3-1: SINGLE (Line Drive, 7S, EV 105.0 MPH) Huey Gayden scores Pete Dalena to second
|
|
Batting: RHB Gabriel de la Sancha
|
0-0: Called Strike 0-1: Foul Ball, location: 2F 0-2: Foul Ball, location: 2F 0-2: 3-RUN HOME RUN (Flyball, 78XD, EV 96.9 MPH), Distance : 411 ft
|
|
Pitching: RHP John Bulleri
|
|
|
Batting: RHB Mitchell Ashmore
|
0-0: Called Strike 0-1: Ball 1-1: Foul Ball, location: 2F 1-2: Ball 2-2: Ball 3-2: Base on Balls
|
|
Batting: RHB Lloyd Bessard
|
0-0: Ball 1-0: Called Strike 1-1: SINGLE (Flyball, 9LS, EV 88.1 MPH) Mitchell Ashmore to second Runner from 2nd tries for 3rd, SAFE, no throw by RF
|
|
Batting: SHB Daniel Robie
|
0-0: Called Strike 0-1: Ball 1-1: Fly out, F5 (Popup, 56, EV 61.3 MPH)
|
|
Batting: RHB Danny Ainge
|
0-0: Called Strike 0-1: Swinging Strike 0-2: Foul Ball, location: 2F 0-2: Ball 1-2: Ball 2-2: Ground out 4-3 (Groundball, 13, EV 86.9 MPH) Mitchell Ashmore scores Lloyd Bessard to second
|
|
Batting: LHB Ricky Eberly
|
0-0: Called Strike 0-1: Ball 1-1: Fly out, F7 (Flyball, 7S, EV 91.9 MPH)
|
| Bottom of the 7th over - 5 runs, 4 hits, 0 errors, 1 left on base; Salinas 7 - Visalia 10 |
| TOP OF THE 8TH |
|
Salinas Fire Frogs batting - Pitching for Visalia Mets : RHP Willie Rivera
|
|
Batting: RHB Kevin Mitchell
|
0-0: Called Strike 0-1: Swinging Strike 0-2: Foul Ball, location: 2F 0-2: Ball 1-2: Ball 2-2: Foul Ball, location: 2F 2-2: Ball 3-2: SINGLE (Groundball, 56D, EV 99.4 MPH)
|
|
Batting: RHB Bruce Morrison
|
0-0: Ball 1-0: Reached on error, E5 (Groundball, 56, EV 85.0 MPH) Kevin Mitchell to second
|
|
Batting: LHB Raymond Smith
|
0-0: Ball 1-0: Swinging Strike 1-1: Foul Ball, location: 2F 1-2: Foul Ball, location: 2F 1-2: Ball 2-2: Foul Ball, location: 2F 2-2: Ground out 4-3 (Groundball, 13, EV 85.0 MPH) Kevin Mitchell to third Bruce Morrison to second
|
|
Batting: LHB Charles McGehee
|
0-0: Ball 1-0: Called Strike 1-1: Ground out 4-3 (Groundball, 4, EV 86.9 MPH) Kevin Mitchell scores Bruce Morrison to third
|
|
Batting: RHB Fred Bogart
|
0-0: Called Strike 0-1: Ball 1-1: Ball 2-1: Ball 3-1: SINGLE (Groundball, 4MD, EV 101.3 MPH) Bruce Morrison scores
|
|
Pitching: RHP Timothy O'Neill
|
|
|
Pinch Hitting: RHB Willie Lozado
|
0-0: Ball 1-0: Fly out, F8 (Flyball, 8RD, EV 105.0 MPH)
|
| Top of the 8th over - 2 runs, 2 hits, 1 error, 1 left on base; Salinas 9 - Visalia 10 |
| BOTTOM OF THE 8TH |
|
Visalia Mets batting - Pitching for Salinas Fire Frogs : RHP John Bulleri
|
|
Now at 2B: Willie Lozado
|
|
|
Batting: LHB Huey Gayden
|
0-0: Ground out 6-3 (Groundball, 6, EV 102.5 MPH)
|
|
Batting: LHB Pete Dalena
|
0-0: Ball 1-0: Ball 2-0: Foul Ball, location: 2F 2-1: Fly out, F9 (Flyball, 9S, EV 91.3 MPH)
|
|
Batting: RHB Ed Sedar
|
0-0: Called Strike 0-1: Foul Ball, location: 2F 0-2: Ground out 4-3 (Groundball, 4, EV 81.9 MPH)
|
| Bottom of the 8th over - 0 runs, 0 hits, 0 errors, 0 left on base; Salinas 9 - Visalia 10 |
| TOP OF THE 9TH |
|
Salinas Fire Frogs batting - Pitching for Visalia Mets : RHP Timothy O'Neill
|
|
Pitching: RHP Dennis Long
|
|
|
Pinch Hitting: LHB Kent Keiser
|
0-0: Called Strike 0-1: Ball 1-1: Called Strike 1-2: Ball 2-2: Strikes out swinging
|
|
Batting: RHB Bobby Morin
|
0-0: Fly out, F9 (Flyball, 9D, EV 79.4 MPH)
|
|
Batting: LHB Daryl Pitts
|
0-0: SINGLE (Groundball, 34S, EV 91.9 MPH) (infield hit)
|
|
Batting: RHB Kevin Mitchell
|
0-0: Swinging Strike 0-1: Foul Ball, location: 2F 0-2: Foul Ball, location: 2F 0-2: Ball 1-2: SINGLE (Flyball, 56D, EV 98.8 MPH) Daryl Pitts to second
|
|
Batting: RHB Bruce Morrison
|
0-0: Called Strike 0-1: Ball 1-1: Foul Ball, location: 2F 1-2: Ball 2-2: Strikes out swinging
|
| Top of the 9th over - 0 runs, 2 hits, 0 errors, 2 left on base; Salinas 9 - Visalia 10 |
|